 Dungeon Crawl Stone Soup version 0.31-a0-370-g25055926c8 (webtiles) character file.

Game seed: 8612606499595119193

57 Bnni the Shooter (level 4, -5/27 HPs)
             Began as a Tengu Hunter on July 29, 2023.
             Slain by Natasha (8 damage)
             ... on level 2 of the Dungeon.
             The game lasted 00:00:50 (969 turns).

Bnni the Shooter (Tengu Hunter)                      Turns: 969, Time: 00:00:51

Health: -5/27      AC:  3    Str: 11    XL:     4   Next: 0%
Magic:  5/5        EV: 12    Int: 10    God:
Gold:   58         SH:  0    Dex: 19    Spells: 3/3 levels left

rFire   . . .        j - +0 dagger (venom)
rCold   . . .        (no shield)
rNeg    . . .        c - +0 leather armour
rPois   .            (helmet restricted)
rElec   .            (no cloak)
rCorr   .            (no gloves)
SInv    .            (boots unavailable)
Will    .....        (no amulet)
Stlth   ++           (no ring)
HPRegen 0.24/turn    (no ring)
MPRegen 0.09/turn

%: no passive effects
@: no status effects
A: beak, talons 3
a: no special abilities


You were on level 2 of the Dungeon.
You visited 1 branch of the dungeon, and saw 2 of its levels.

You collected 58 gold pieces.

Inventory:

Hand Weapons
 a - a +0 shortbow
 j - a +0 dagger of venom (weapon)
Armour
 c - a +0 leather armour (worn)
Scrolls
 b - a scroll of butterflies
 d - 2 scrolls of identify {unknown}
 e - a scroll of immolation {unknown}
 f - a scroll of torment {unknown}
 h - 2 scrolls of teleportation {unknown}
 i - a scroll of poison {unknown}
 k - a scroll of amnesia {unknown}
 l - a scroll of silence {unknown}
Potions
 g - 3 potions of berserk rage {unknown}
 m - a potion of ambrosia {unknown}
 n - a potion of mutation {unknown}
 o - 2 potions of degeneration {unknown}


   Skills:
 + Level 2.8 Fighting
 * Level 5.5 Ranged Weapons
 - Level 2.1 Dodging
 - Level 1.0 Stealth


You had 3 spell levels left.
You didn't know any spells.
Your spell library contained the following spells:

 Spells                   Type           Power      Damage    Failure   Level
 Freeze                   Ice            0%         1d3       45%         1
 Frozen Ramparts          Ice            0%         1d1       83%         3
 Hailstorm                Conj/Ice       0%         3d3       83%         3


Dungeon Overview and Level Annotations

Branches:
Dungeon (2/15)

Altars:

Annotations:
D:2 Natasha


Innate Abilities, Weirdness & Mutations

You have a beak for a mouth.
You have claws for feet.


Message History

You shoot an arrow. The arrow closely misses Natasha.
Natasha claws you!
Natasha is nearby!
You are too injured to fight recklessly!
Natasha is nearby!
You are too injured to fight recklessly!
You are too injured to fight recklessly!
Unknown command.
Your +0 dagger of venom begins to drip with poison!
j - a +0 dagger of venom (weapon)
Natasha claws you.
* * * LOW HITPOINT WARNING * * *
You hit Natasha but do no damage. Your kick misses Natasha.
You peck Natasha, but do no damage.
Natasha is lightly wounded.
Natasha claws you.
* * * LOW HITPOINT WARNING * * *
Unknown command.
You hit Natasha but do no damage.
Natasha is lightly wounded.
Natasha mumbles some strange words.
Unknown command.
You hit Natasha.
Natasha is poisoned.
Your kick misses Natasha.
Natasha is moderately wounded.
Natasha barely misses you.
Unknown command.
You hit Natasha.
Natasha looks as sick as possible!
Your kick misses Natasha.
Natasha is moderately wounded.
The cerulean imp completely misses you. Natasha misses you.
Unknown command.
You hit Natasha.
Natasha looks as sick as possible!
You claw Natasha, but do no damage.
Natasha is heavily wounded.
The cerulean imp hits you from afar with a +0 spear.
* * * LOW HITPOINT WARNING * * *
Natasha mumbles some strange words.
Unknown command.
You hit Natasha.
Natasha looks as sick as possible!
Natasha is almost dead.
The cerulean imp closely misses you. Natasha claws you!
You die...

........ ###> .....◎..
...################
#......#...# #....
#..... #...# #...#
#.... #...# #...# .5.
#...# #...# #h#
#...####...#
#@#####..........#
#5#...###........#
#####'#...# #........#
#.........# #......###
#.........# #......###
#.........# #.........
#.........# #.........
#.........###.........
#.....................


You could see Natasha (extremely poisoned) and 2 cerulean imps.

Vanquished Creatures
  An adder (D:2)
  2 dart slugs (D:2)
  4 bats (D:1)
  5 endoplasms
  A giant cockroach (D:1)
  5 goblins
  6 hobgoblins
  3 jackals (D:1)
  5 kobolds
  2 quokkas
  3 ball pythons (D:1)
  A frilled lizard (D:1)
38 creatures vanquished.

Notes
Turn   | Place    | Note
-------+----------+-------------------------------------------
     0 | D:1      | Bnni the Tengu Hunter began the quest for the Orb.
     0 | D:1      | Reached XP level 1. HP: 12/12 MP: 2/2
    45 | D:1      | Reached XP level 2. HP: 12/17 MP: 3/3
   160 | D:1      | Reached skill level 5 in Ranged Weapons
   190 | D:1      | Reached XP level 3. HP: 22/22 MP: 4/4
   932 | D:2      | Reached XP level 4. HP: 27/27 MP: 5/5
   958 | D:2      | Noticed Natasha
   969 | D:2      | Slain by Natasha

Illustrated notes

Levels and vault maps discovered:
D:1:      matt_arrival_los_fun, layout_rooms, wad_floor_pattern_1
D:2:      minmay_angry_zag, layout_basic, uniq_natasha

Skill      XL: |  1  2 |
---------------+-------+-----
Ranged Weapons | 5 |  5.5
Fighting       | |  2.8
Dodging        | |  2.1
Stealth        | |  1.0

Action                     |  1- 3 |  4- 6 || total
---------------------------+-------+-------++-------
  Melee: Dagger            |       |     6 ||     6
         Kick              |       |     1 ||     1
         Peck              |       |     1 ||     1
   Fire: Shortbow          |   105 |     4 ||   109
 Armour: Leather armour    |    11 |       ||    11
  Dodge: Dodged            |    32 |     4 ||    36

Table legend: (Time is in decaauts)
 A = Elapsed time spent in this place.
 B = Non-inter-level travel time spent in this place.
 C = Inter-level travel time spent in this place.
 D = Time resting spent in this place.
 E = Time spent auto-exploring this place.
 F = Levels seen in this place.
 G = Mean time per level.
                   A        B        C        D        E       F      G
               +--------+--------+--------+--------+--------+-----+--------+
         Total |    988 |    952 |     36 |      0 |    752 |   2 |  494.0 |
       Dungeon |    988 |    952 |     36 |      0 |    752 |   2 |  494.0 |
               +--------+--------+--------+--------+--------+-----+--------+

Top non-repeatable levels by time:
     D:1: 585 daAuts
     D:2: 403 daAuts
